 Dungeon Crawl Stone Soup version 0.31-b1-17-gcfd88c8481 (webtiles) character file.

Game seed: 2161355312687332395

2783 groovy9 the Destroyer (level 9, 0/45 HPs)
             Began as a Deep Elf Conjurer on Jan 15, 2024.
             Killed from afar by an acid dragon (11 damage)
             ... with a splash of acid
             ... on level 8 of the Dungeon.
             The game lasted 00:18:04 (6891 turns).

groovy9 the Destroyer (Deep Elf Conjurer)           Turns: 6891, Time: 00:18:04

Health: 0/45       AC:  5    Str:  4    XL:     9   Next: 43%
Magic:  19/25      EV: 12    Int: 28    God:
Gold:   331        SH:  0    Dex: 13    Spells: 17/28 levels left

rFire   . . .        p - +3 dagger (heavy)
rCold   . . .        (no shield)
rNeg    . . .        a - +0 robe
rPois   .            l - +0 helmet
rElec   .            (no cloak)
rCorr   .            (no gloves)
SInv    .            q - +1 pair of boots
Will    .....        (no amulet)
Stlth   ++           (no ring)
HPRegen 0.27/turn    (no ring)
MPRegen 0.19/turn

%: no passive effects
@: lethally poisoned (0 -> -9), slowed, very slow
A: no striking features
a: no special abilities


You were on level 8 of the Dungeon.
You visited 2 branches of the dungeon, and saw 9 of its levels.
You also visited: Ossuary.

You collected 331 gold pieces.

Inventory:

Hand Weapons
 p - a +3 heavy dagger (weapon)
Armour
 a - a +0 robe (worn)
 l - a +0 helmet (worn)
 q - a +1 pair of boots (worn)
Jewellery
 f - a ring of protection from fire
 j - an amulet of faith
Wands
 s - a wand of roots (8)
 y - a wand of charming (8)
Scrolls
 g - 2 scrolls of noise
 m - a scroll of enchant armour
 n - a scroll of torment
 o - a scroll of enchant weapon
 t - a scroll of vulnerability
 v - a scroll of summoning {unknown}
 w - a scroll of identify
 B - 2 scrolls of fog {unknown}
Potions
 c - 4 potions of lignification {unknown}
 d - 2 potions of might
 e - 3 potions of haste
 i - 4 potions of enlightenment {unknown}
 k - 5 potions of curing {unknown}
 r - 2 potions of cancellation {unknown}
 u - a potion of attraction {unknown}
 x - 3 potions of invisibility {unknown}
 z - a potion of degeneration {unknown}
 A - a potion of resistance {unknown}


   Skills:
 - Level 2.4 Dodging
 - Level 2.4 Stealth
 + Level 10.3 Spellcasting
 * Level 12.3 Conjurations


You had 17 spell levels left.
You knew the following spells:

 Your Spells              Type           Power      Damage    Failure   Level
a - Magic Dart            Conj           100%       1d8       1%          1
b - Searing Ray           Conj           100%       2d8       1%          2
c - Fulminant Prism       Conj/Alch      24%        3d12      3%          4
d - Iskenderun's Mystic   Conj/Tloc      49%        2d11      3%          4

Your spell library contained the following spells:

 Spells                   Type           Power      Damage    Failure   Level
 Sting                    Conj/Alch      100%       1d9       1%          1
 Apportation              Tloc           28%        N/A       3%          1
 Necrotise                Necr           56%        1d6       3%          1
 Slow                     Hex            56%        N/A       3%          1
 Summon Small Mammal      Summ           56%        N/A       3%          1
 Lesser Beckoning         Tloc           28%        N/A       6%          2
 Call Canine Familiar     Summ           14%        N/A       12%         3
 Confusing Touch          Hex            14%        N/A       12%         3
 Gell's Gravitas          Tloc           14%        N/A       12%         3
 Sigil of Binding         Hex            14%        N/A       12%         3
 Teleport Other           Tloc           14%        N/A       12%         3
 Vampiric Draining        Necr           14%        2d7       12%         3
 Summon Blazeheart Golem  Fire/Summ      14%        N/A       36%         4


Dungeon Overview and Level Annotations

Branches:
Dungeon (8/15)             Temple (1/1) D:4         Ossuary (visited)
   Lair: D:8-11

Altars:
Ashenzari
Cheibriados
Dithmenos
Elyvilon
Fedhas
Gozag
Hepliaklqana
Kikubaaqudgha
Makhleb
Nemelex Xobeh
Okawaru
Qazlal
Ru
Sif Muna
Trog
Uskayaw
Wu Jian
Yredelemnul
The Shining One

Shops:
D:4 [

Annotations:
D:7 3 runed translucent doors, rozman's ghost, novice MfSh


Message History

You are lethally poisoned!
You have difficulty breathing.
You feel as though you will be slow longer.
Casting: Searing Ray (safe; 1% risk of failure)
Confirm with . or Enter, or press ? or * to list all spells.
You erupt in a blast of force!
The mystic blast hits the kobold brigand but does no damage.
The kobold brigand is almost dead.
* * * LOW HITPOINT WARNING * * *
You feel extremely sick.
You hear a roar!
The kobold brigand throws a curare-tipped dart.
The curare-tipped dart hits you.
You are more poisoned.
You have difficulty breathing.
* * * LOW HITPOINT WARNING * * *
You feel as though you will be slow longer.
You feel much better.
You feel extremely sick.
The kobold brigand hits you with a +0 dagger.
Magic courses through your body.
* * * LOW HITPOINT WARNING * * *
You feel extremely sick.
An acid dragon comes into view.
The kobold brigand hits you with a +0 dagger.
* * * LOW HITPOINT WARNING * * *
You feel much better.
You feel extremely sick. The kobold brigand barely misses you.
The kobold brigand hits you with a +0 dagger.
Casting: Iskenderun's Mystic Blast (dangerous; 3% risk of failure)
Confirm with . or Enter, or press ? or * to list all spells.
You erupt in a blast of force!
The mystic blast hits the kobold brigand!
You kill the kobold brigand!
* * * LOW HITPOINT WARNING * * *
You feel very sick. The acid dragon spits acid at you.
The splash of acid hits you!
You die...

#.......(..# ....
###.#.##..## ....
#).#.##...# .....
#####.##.##.... .....
###.....##.##.... .)....
#......###.#..<..
......##........####....
..............### ###..
......)@......# ###
..).)..).##..##
#..D########## #.. #


You could see an acid dragon (catching breath).

Vanquished Creatures
  Maggie (D:8)
  Sigmund (D:2)
  Menkaure (D:4)
  A black bear (D:4)
  An ogre (D:4)
  2 ice beasts (D:7)
  A centaur (D:7)
  A kobold brigand (D:8)
  A weeping skull (Ossuary)
  3 scorpions
  A gnoll sergeant (D:7)
  10 water moccasin zombies (Ossuary)
  A howler monkey (D:4)
  5 jellies
  4 hounds
  3 bombardier beetles
  3 iguanas (D:5)
  Natasha (thrice) (D:3)
  3 orc wizards (D:6)
  A bullfrog simulacrum (Ossuary)
  A crocodile zombie (Ossuary)
  2 mummies (Ossuary)
  7 gnolls
  3 adders
  A white imp (D:6)
  4 adder zombies (Ossuary)
  A ribbon worm (D:4)
  3 dart slugs
  2 orcs (D:3)
  6 bats
  10 endoplasms
  5 giant cockroaches
  8 gnoll zombies (Ossuary)
  3 goblins
  8 hobgoblins
  4 jackals
  2 quokkas (D:2)
  5 ball pythons
  A frilled lizard (D:3)
  A hobgoblin zombie (D:5)
  A jackal zombie (Ossuary)
  13 kobolds
  2 orc zombies (Ossuary)
  6 rats
146 creatures vanquished.

Vanquished Creatures (others)
  A water moccasin zombie (Ossuary)
  3 fulminant prisms
4 creatures vanquished.

Grand Total: 150 creatures vanquished

Notes
Turn   | Place    | Note
-------+----------+-------------------------------------------
     0 | D:1      | groovy9 the Deep Elf Conjurer began the quest for the Orb.
     0 | D:1      | Reached XP level 1. HP: 10/10 MP: 6/6
   182 | D:1      | Reached XP level 2. HP: 15/15 MP: 4/8
   185 | D:1      | Learned a level 2 spell: Searing Ray
   595 | D:1      | Reached skill level 5 in Conjurations
   961 | D:1      | Reached XP level 3. HP: 19/19 MP: 7/10
  1278 | D:2      | Found a faded altar of an unknown god.
  1430 | D:2      | Noticed Sigmund
  1442 | D:2      | Killed Sigmund
  1443 | D:2      | Reached skill level 5 in Spellcasting
  1443 | D:2      | Reached skill level 6 in Conjurations
  1443 | D:2      | Reached XP level 4. HP: 12/24 MP: 3/13
  1443 | D:2      | Reached XP level 5. HP: 14/28 MP: 3/14
  2221 | D:3      | Noticed Natasha
  2224 | D:3      | Killed Natasha
  2287 | D:3      | Noticed Natasha
  2294 | D:3      | Killed Natasha
  2295 | D:3      | Reached skill level 7 in Conjurations
  2295 | D:3      | Reached XP level 6. HP: 32/32 MP: 6/16
  2427 | D:3      | Noticed Natasha
  2434 | D:3      | Killed Natasha
  2805 | D:3      | Learned a level 4 spell: Fulminant Prism
  2810 | D:3      | Learned a level 4 spell: Iskenderun's Mystic Blast
  2927 | D:3      | Found a white marble altar of Elyvilon.
  2927 | D:3      | Found a blossoming altar of Fedhas.
  3116 | D:4      | Found a staircase to the Ecumenical Temple.
  3156 | Temple   | Entered the Ecumenical Temple
  3376 | D:4      | Noticed Menkaure
  3380 | D:4      | Killed Menkaure
  3381 | D:4      | Reached skill level 8 in Conjurations
  3381 | D:4      | Reached XP level 7. HP: 36/36 MP: 14/18
  3488 | D:4      | Found a bloodstained altar of Trog.
  3497 | D:4      | Found a hazy altar of Hepliaklqana.
  4222 | D:4      | Found Pazxakekk's Armour Boutique.
  4340 | D:5      | Entered Level 5 of the Dungeon
  4355 | D:5      | Reached skill level 9 in Conjurations
  4579 | D:5      | Found a sand-covered staircase.
  4614 | Ossuary  | Entered an ossuary
  4672 | Ossuary  | Reached XP level 8. HP: 41/41 MP: 12/21
  4845 | Ossuary  | Reached skill level 10 in Conjurations
  5204 | D:5      | Reached skill level 11 in Conjurations
  5742 | D:6      | Reached XP level 9. HP: 45/45 MP: 17/24
  5817 | D:6      | You fall into a shaft and drop 1 floor!
  6254 | D:7      | Noticed a cyclops
  6255 | D:7      | Noticed a brown ugly thing
  6267 | D:7      | Noticed rozman's ghost (novice MfSh)
  6321 | D:7      | Reached skill level 10 in Spellcasting
  6408 | D:7      | Found a runed translucent gate.
  6409 | D:7      | Found a runed translucent gate.
  6411 | D:7      | Found a runed translucent gate.
  6495 | D:7      | Found an iron altar of Okawaru.
  6583 | D:7      | Reached skill level 12 in Conjurations
  6873 | D:8      | Noticed Maggie
  6881 | D:8      | Killed Maggie
  6887 | D:8      | HP: 2/45 [asphyx]
  6891 | D:8      | Killed from afar by an acid dragon

Illustrated notes

Levels and vault maps discovered:
D:1:      lemuel_arrival_river_ford, layout_loops_cross
D:2:      layout_basic, chequers_ecumenical_altar_island, nrook_loot_triangle,
          uniq_sigmund
D:3:      layout_basic, gammafunk_temple_overflow_pools,
          minmay_fractal_squares_5, uniq_natasha
D:4:      layout_gridville, mainiacjoe_overflow_swirl,
          minmay_temple_entry_purple_smoke, serial_shops,
          nicolae_shop_just_a_little_nook, uniq_menkaure
D:5:      layout_basic, enter_ossuary_3
D:6:      layout_basic, kennysheep_mini_moat, vehumet_altar_wand_db
D:7:      layout_loops_corners, okawaru_metal_pillars_3, gammafunk_ghost_split,
          grunt_decor_cap
D:8:      kennysheep_steamy, layout_rooms, uniq_maggie
Temple:   jpeg_temple_clearing

Skill      XL: |  1  2  3  4  5  6  7  8  9 |
---------------+----------------------------+-----
Conjurations   | 5 6 7 8 9 11 12 | 12.3
Spellcasting   | 5 6 7 9 10 | 10.3
Dodging        | |  2.4
Stealth        | |  2.4

Action                     |  1- 3 |  4- 6 |  7- 9 || total
---------------------------+-------+-------+-------++-------
   Cast: Magic Dart        |    28 |    45 |    62 ||   135
         Searing Ray       |    14 |    15 |    52 ||    81
         Iskenderun's Myst |       |       |     6 ||     6
         Fulminant Prism   |       |       |     3 ||     3
    Use: Scroll            |       |    10 |       ||    10
         Potion            |       |     1 |     5 ||     6
 Armour: Robe              |     4 |     4 |    35 ||    43
  Dodge: Dodged            |       |     3 |    29 ||    32
